 Dungeon Crawl Stone Soup version 0.27-a0-1525-g1038ab4fd7 (webtiles) character file.

Game seed: 16339561043045542830

165 Zonian the Conjurer (level 5, -1/37 HPs)
             Began as a Gnoll Conjurer on July 10, 2021.
             Was a Follower of Yredelemnul.
             Slain by an orc priest (2 damage)
             ... on level 3 of the Dungeon.
             The game lasted 00:05:20 (2915 turns).

Zonian the Conjurer (Gnoll Conjurer)                Turns: 2915, Time: 00:05:21

Health: -1/37      AC:  2    Str:  6    XL:     5   Next: 46%
Magic:  8/12       EV: 13    Int: 19    God:    Yredelemnul [*.....]
Gold:   115        SH:  0    Dex: 10    Spells: 13/14 levels left

rFire    . . .     SeeInvis .   b - +0 short sword
rCold    . . .     Faith    .   (no shield)
rNeg     . . .     Spirit   .   a - +0 robe
rPois    .         Reflect  .   (no helmet)
rElec    .         Harm     .   (no cloak)
rCorr    .         Rampage  .   (no gloves)
Will     .....                  (no boots)
Stlth    ++........             (no amulet)
HPRegen  0.12/turn              (no ring)
MPRegen  0.13/turn              (no ring)

@: no status effects
A: fangs 1, strong nose, distributed training
a: Renounce Religion, Animate Remains


You were on level 3 of the Dungeon.
You worshipped Yredelemnul.
Yredelemnul was aware of your devotion.
You visited 1 branch of the dungeon, and saw 3 of its levels.

You collected 115 gold pieces.

Inventory:

Hand Weapons
 b - a +0 short sword (weapon)
Armour
 a - a +0 robe (worn)
 g - a +0 pair of gloves
Jewellery
 e - a ring of protection from fire
Wands
 i - a wand of polymorph (11)
Scrolls
 d - a scroll of teleportation {unknown}
 f - a scroll of enchant weapon {unknown}
 h - a scroll of blinking {unknown}
Potions
 c - a potion of curing {unknown}


   Skills:
 + Level 1.5 Fighting
 + Level 1.5 Short Blades
 + Level 1.5 Long Blades
 + Level 1.5 Axes
 + Level 1.5 Maces & Flails
 + Level 1.5 Polearms
 + Level 1.5 Staves
 + Level 1.5 Slings
 + Level 1.5 Bows
 + Level 1.5 Crossbows
 + Level 1.5 Throwing
 + Level 1.5 Armour
 + Level 4.8 Dodging
 + Level 4.4 Stealth
 + Level 1.5 Shields
 + Level 1.5 Unarmed Combat
 + Level 5.2 Spellcasting
 + Level 7.2 Conjurations
 + Level 1.2 Hexes
 + Level 1.2 Summonings
 + Level 1.2 Necromancy
 + Level 1.2 Translocations
 + Level 1.2 Transmutations
 + Level 1.2 Fire Magic
 + Level 1.2 Ice Magic
 + Level 1.2 Air Magic
 + Level 1.2 Earth Magic
 + Level 1.2 Poison Magic
 + Level 1.7 Invocations
 + Level 1.5 Evocations


You had 13 spell levels left.
You knew the following spells:

 Your Spells              Type           Power      Damage    Failure   Level
a - Magic Dart            Conj           100%       1d8       1%          1

Your spell library contained the following spells:

 Spells                   Type           Power      Damage    Failure   Level
 Searing Ray              Conj           64%        3d5       1%          2
 Dazzling Flash           Conj/Hex       40%        N/A       6%          3
 Stone Arrow              Conj/Erth      40%        3d9       6%          3
 Corona                   Hex            10%        N/A       8%          1
 Summon Small Mammal      Summ           36%        N/A       8%          1
 Ensorcelled Hibernation  Hex/Ice        18%        N/A       11%         2
 Lesser Beckoning         Tloc           4%         N/A       22%         3
 Summon Guardian Golem    Hex/Summ       9%         N/A       22%         3
 Teleport Other           Tloc           9%         N/A       22%         3
 Tukima's Dance           Hex            9%         N/A       22%         3
 Fulminant Prism          Conj/Hex       10%        3d9       22%         4
 Iskenderun's Mystic Bla  Conj/Tloc      20%        2d6       22%         4
 Animate Dead             Necr           4%         N/A       58%         4
 Manifold Assault         Tloc           9%         N/A       90%         5
 Orb of Destruction       Conj           16%        9d7       99%         7
 Haunt                    Necr/Summ      4%         N/A       100%        7
 Spellforged Servitor     Conj/Summ      10%        N/A       100%        7
 Infestation              Necr           4%         N/A       100%        8


Dungeon Overview and Level Annotations

Branches:
Dungeon (3/15)

Altars:
Qazlal
Ru
Yredelemnul


Innate Abilities, Weirdness & Mutations

You have very sharp teeth.
Your uncanny sense of smell can sniff out nearby items.
Your experience applies equally to all skills.


Message History

Unknown command.
Hit: b) +0 short sword
Press: ? - help, Dir - move target, f - you, p - orc
Okay, then.
Unknown command.
You barely miss the orc.
The orc is almost dead.
The orc hits you but does no damage.
The orc priest invokes the aid of Beogh against you.
Beogh smites you!
You completely miss the orc.
The orc is almost dead.
The orc hits you with a +0 hand axe.
You barely miss the orc.
The orc is almost dead.
The orc barely misses you.
The orc priest miscasts a cantrip.
The orc hits you with a +0 hand axe.
Unknown command.
You barely miss the orc. Your punch misses the orc. Your bite misses the orc.
The orc is almost dead.
The orc hits you with a +0 hand axe.
You barely miss the orc.
The orc is almost dead.
The orc misses you.
Unknown command.
You are too injured to fight recklessly!
You are too injured to fight recklessly!
You are too injured to fight recklessly!
You are too injured to fight recklessly!
Unknown command.
You hit the orc.
You kill the orc!
Yredelemnul accepts your kill.
The orc priest invokes the aid of Beogh against you.
Pain shoots through your body!
* * * LOW HITPOINT WARNING * * *
The orc priest hits you with a +0 dagger.
You die...
Your body rises from the dead as a mindless zombie.

#.#.#.................# #.
########.#+#+###'####...######.#.
#..........................^...#.
#...).........##.#........######.
#................................
#########......#.#._..⌠.._.######
#......#.................
######.#Z##.........#####
#.#@##........## #.#o####......#
#..)# ######## ##..# #..# #..#
#..# #..#


You could see an orc priest (ally target) and a friendly hound zombie.

Vanquished Creatures
  A hound (D:3)
  4 gnolls (D:2)
  3 adders (D:2)
  A dart slug (D:2)
  2 orcs (D:3)
  4 ball pythons
  8 endoplasms
  2 giant cockroaches (D:1)
  2 hobgoblins
  5 jackals
  2 kobolds (D:2)
  A quokka (D:1)
  3 bats
  6 frilled lizards
  2 goblins (D:2)
  2 rats
48 creatures vanquished.

Vanquished Creatures (collateral kills)
  Jessica (D:3)
1 creature vanquished.

Vanquished Creatures (others)
  3 fungi (D:2)
  4 plants (D:2)
  5 toadstools (D:1)
12 creatures vanquished.

Grand Total: 61 creatures vanquished

Notes
Turn   | Place    | Note
-------+----------+-------------------------------------------
     0 | D:1      | Zonian the Gnoll Conjurer began the quest for the Orb.
     0 | D:1      | Reached XP level 1. HP: 13/13 MP: 6/6
   418 | D:1      | Reached XP level 2. HP: 18/19 MP: 4/7
  1287 | D:2      | Reached XP level 3. HP: 25/25 MP: 7/9
  1366 | D:2      | Reached skill level 5 in Spellcasting
  1421 | D:2      | Reached skill level 1 in Invocations
  1478 | D:2      | Found a faded altar of an unknown god.
  1487 | D:2      | Got Plato's Volume of Calling
  1488 | D:2      | Became a worshipper of Yredelemnul the Dark
  1488 | D:2      | Reached * piety under Yredelemnul
  1571 | D:2      | Reached skill level 1 in Fighting
  1571 | D:2      | Reached skill level 1 in Short Blades
  1571 | D:2      | Reached skill level 1 in Long Blades
  1571 | D:2      | Reached skill level 1 in Axes
  1571 | D:2      | Reached skill level 1 in Maces & Flails
  1571 | D:2      | Reached skill level 1 in Polearms
  1571 | D:2      | Reached skill level 1 in Staves
  1571 | D:2      | Reached skill level 1 in Slings
  1571 | D:2      | Reached skill level 1 in Bows
  1571 | D:2      | Reached skill level 1 in Crossbows
  1571 | D:2      | Reached skill level 1 in Throwing
  1571 | D:2      | Reached skill level 1 in Armour
  1571 | D:2      | Reached skill level 1 in Shields
  1571 | D:2      | Reached skill level 1 in Unarmed Combat
  1571 | D:2      | Reached skill level 1 in Evocations
  1571 | D:2      | Reached XP level 4. HP: 20/32 MP: 1/11
  1862 | D:2      | Reached skill level 1 in Hexes
  1862 | D:2      | Reached skill level 1 in Summonings
  1862 | D:2      | Reached skill level 1 in Necromancy
  1862 | D:2      | Reached skill level 1 in Translocations
  1862 | D:2      | Reached skill level 1 in Transmutations
  1862 | D:2      | Reached skill level 1 in Fire Magic
  1862 | D:2      | Reached skill level 1 in Ice Magic
  1862 | D:2      | Reached skill level 1 in Air Magic
  1862 | D:2      | Reached skill level 1 in Earth Magic
  1862 | D:2      | Reached skill level 1 in Poison Magic
  2248 | D:3      | Got the Collected Works on the Compass and Stones
  2475 | D:3      | Found a sacrificial altar of Ru.
  2502 | D:3      | Reached XP level 5. HP: 32/37 MP: 6/12
  2512 | D:3      | Noticed Jessica
  2526 | D:3      | Killed Jessica
  2663 | D:3      | Found a stormy altar of Qazlal.
  2914 | D:3      | HP: 1/37 [orc priest/nerve-wracking pain (13)]
  2915 | D:3      | Slain by an orc priest

Illustrated notes

Levels and vault maps discovered:
D:1:      ldierk_walled_garden, layout_loops_ring, serial_forest,
          infiniplex_forest_lined_room_2, infiniplex_forest_3_way,
          infiniplex_forest_lined_3, infiniplex_forest_straight_3,
          infiniplex_forest_lined_2, infiniplex_forest_straight_2,
          infiniplex_forest_clump_curved, infiniplex_forest_end_3,
          infiniplex_forest_lined_3_way, infiniplex_forest_end_double,
          hangedman_decor_clover_reticule, grunt_decor_resistance
D:2:      layout_rooms, shapermc_ecumenical_altar_rom_forum
D:3:      layout_basic, grunt_temple_overflow_open, serial_shops,
          nicolae_shop_statue_plus, uniq_jessica

Skill      XL: |  1  2  3  4 |
---------------+-------------+-----
Spellcasting   | 5 |  5.2
Invocations    | 1 |  1.7
Fighting       | 1 |  1.5
Short Blades   | 1 |  1.5
Long Blades    | 1 |  1.5
Axes           | 1 |  1.5
Maces & Flails | 1 |  1.5
Polearms       | 1 |  1.5
Staves         | 1 |  1.5
Slings         | 1 |  1.5
Bows           | 1 |  1.5
Crossbows      | 1 |  1.5
Throwing       | 1 |  1.5
Armour         | 1 |  1.5
Shields        | 1 |  1.5
Unarmed Combat | 1 |  1.5
Evocations     | 1 |  1.5
Hexes          | 1 |  1.2
Summonings     | 1 |  1.2
Necromancy     | 1 |  1.2
Translocations | 1 |  1.2
Transmutations | 1 |  1.2
Fire Magic     | 1 |  1.2
Ice Magic      | 1 |  1.2
Air Magic      | 1 |  1.2
Earth Magic    | 1 |  1.2
Poison Magic   | 1 |  1.2
Dodging        | |  4.8
Stealth        | |  4.4
Conjurations   | |  7.2

Action                   |  1- 3 |  4- 6 || total
-------------------------+-------+-------++-------
Melee: Short sword       |       |     9 ||     9
 Cast: Magic Dart        |    61 |    48 ||   109
Invok: Animate Remains   |       |     1 ||     1
Armor: Robe              |       |     3 ||     3
Dodge: Dodged            |     6 |    14 ||    20

Table legend: (Time is in decaauts)
 A = Elapsed time spent in this place.
 B = Non-inter-level travel time spent in this place.
 C = Inter-level travel time spent in this place.
 D = Time resting spent in this place.
 E = Time spent auto-exploring this place.
 F = Levels seen in this place.
 G = Mean time per level.
                   A        B        C        D        E       F      G
               +--------+--------+--------+--------+--------+-----+--------+
         Total |   2915 |   2882 |     33 |    426 |   2132 |   3 |  971.7 |
       Dungeon |   2915 |   2882 |     33 |    426 |   2132 |   3 |  971.7 |
               +--------+--------+--------+--------+--------+-----+--------+

Top non-repeatable levels by time:
     D:1: 1144 daAuts
     D:2: 932 daAuts
     D:3: 839 daAuts
